 Dungeon Crawl Stone Soup version 0.24.0-123-gd5b16e6ec5 (webtiles) character file.

Game seed: 2017322399082869776, levelgen mode: deterministic

79 Norian the Conjurer (level 4, -3/24 HPs)
             Began as a Deep Elf Conjurer on Dec 23, 2019.
             Slain by a sky beast (6 damage)
             ... on level 2 of the Dungeon.
             The game lasted 00:01:52 (1324 turns).

Norian the Conjurer (Deep Elf Conjurer)             Turns: 1324, Time: 00:01:53

Health: -3/24      AC:  2    Str:  6    XL:     4   Next: 17%
Magic:  0/12       EV: 13    Int: 20    God:
Gold:   76         SH:  0    Dex: 15    Spells: 3/12 levels left

rFire    . . .     SeeInvis .   (no weapon)
rCold    . . .     Gourm    .   (no shield)
rNeg     . . .     Faith    .   a - +0 robe
rPois    .         Spirit   .   (no helmet)
rElec    .         Reflect  .   (no cloak)
rCorr    .         Harm     .   (no gloves)
MR       .....                  (no boots)
Stlth    ++........             (no amulet)
HPRegen  0.08/turn              (no ring)
MPRegen  0.13/turn              (no ring)

@: no status effects
A: no striking features
a: no special abilities


You were on level 2 of the Dungeon.
You were not hungry.

You visited 1 branch of the dungeon, and saw 2 of its levels.

You collected 76 gold pieces.

Inventory:

Armour
 a - a +0 robe (worn)
Jewellery
 h - an uncursed amulet of magic regeneration {unknown}
 j - a cursed ring of teleportation {unknown}
 n - an uncursed ring of positive energy {unknown}
Scrolls
 d - 3 scrolls of identify {unknown}
 e - a scroll of immolation {unknown}
 i - a scroll of teleportation {unknown}
 l - a scroll of random uselessness {unknown}
Potions
 b - a potion of resistance {unknown}
 f - a potion of degeneration {unknown}
 g - a potion of cancellation {unknown}
 k - a potion of curing {unknown}
Comestibles
 c - 5 rations
 m - a chunk of flesh


   Skills:
 - Level 2.4 Dodging
 - Level 2.4 Stealth
 + Level 4.7 Spellcasting
 + Level 5.4 Conjurations
 + Level 0.5 Hexes


You had 3 spell levels left.
You knew the following spells:

 Your Spells              Type           Power        Failure   Level  Hunger
a - Magic Dart            Conj           ####         1%          1    None
b - Iskenderun's Mystic   Conj           ####....     13%         4    ####...
c - Fulminant Prism       Conj/Hex       ###.......   34%         4    ####...

Your spell library contained the following spells:

 Spells                   Type           Power        Failure   Level  Hunger
 Searing Ray              Conj           ####..       1%          2    #......
 Dazzling Spray           Conj/Hex       ###...       11%         3    ##.....
 Force Lance              Conj/Tloc      ###.....     36%         4    ####...


Dungeon Overview and Level Annotations

Branches:
Dungeon (2/15)

Altars:
Nemelex Xobeh

Annotations:
D:2 Sigmund


Message History

Aiming: Magic Dart (safe; 1% risk of failure)
Press: ? - help, Shift-Dir - straight line The magic dart hits something.
Something hits you. Something shocks you.
Casting: Magic Dart (safe; 1% risk of failure)
Confirm with . or Enter, or press ? or * to list all spells.
Aiming: Magic Dart (safe; 1% risk of failure)
Press: ? - help, Shift-Dir - straight line The magic dart hits something.
Something barely misses you.
Casting: Magic Dart (safe; 1% risk of failure)
Confirm with . or Enter, or press ? or * to list all spells.
Aiming: Magic Dart (safe; 1% risk of failure)
Press: ? - help, Shift-Dir - straight line The magic dart hits something.
Something hits you. Something shocks you.
* * * LOW HITPOINT WARNING * * *
A sky beast appears from thin air!
Reactivating autopickup.
The sky beast hits you.
* * * LOW HITPOINT WARNING * * *
The sky beast shocks you.
You die...

##.## #.#.#....#.#
#.###..# #.#.#....#.#
#......# #.#......#.#
#####..###.###.####.#
#...##.# #.# #.# #.#.##.#
#.# #.# #......# #.# #.#
######.#..# #.# #†# .
......^..@# #.####†#
#.########.#Y###......#
...............#†.##..#
### .##....###...##..##..#
..# #....# #.......##..#
#.# #....# ##.####.....#
..# #....# #.# ####.##
..######....####>........#
..............############


You could see a sky beast.

Vanquished Creatures
  4 adders (D:2)
  An ooze (D:2)
  2 dart slugs (D:2)
  3 leopard geckos
  2 giant cockroaches
  6 goblins
  3 hobgoblins
  A quokka (D:2)
  4 bats
  A frilled lizard (D:2)
  2 kobolds (D:1)
  6 rats
35 creatures vanquished.

Notes
Turn   | Place    | Note
-------+----------+-------------------------------------------
     0 | D:1      | Norian the Deep Elf Conjurer began the quest for the Orb.
     0 | D:1      | Reached XP level 1. HP: 10/10 MP: 6/6
    41 | D:1      | Found a sparkling altar of Nemelex Xobeh.
   175 | D:1      | Reached XP level 2. HP: 15/15 MP: 3/8
   877 | D:2      | Reached skill level 5 in Conjurations
   877 | D:2      | Reached XP level 3. HP: 19/19 MP: 8/10
  1075 | D:2      | Noticed Sigmund
  1193 | D:2      | Reached XP level 4. HP: 24/24 MP: 10/12
  1201 | D:2      | Learned a level 4 spell: Iskenderun's Mystic Blast
  1206 | D:2      | Learned a level 4 spell: Fulminant Prism
  1311 | D:2      | Noticed a sky beast
  1324 | D:2      | Slain by a sky beast

Levels and vault maps discovered:
D:1:      lemuel_arrival_room, layout_basic, st_stairs_14,
          nemelex_xobeh_ov_fountains_minmay
D:2:      layout_basic, st_stairs_1, item_on_display_b, uniq_crazy_yiuf_cottage,
          uniq_sigmund

Skill      XL: |  1  2 |
---------------+-------+-----
Spellcasting   | 4 |  4.7
Conjurations   | 5 |  5.4
Dodging        | |  2.4
Stealth        | |  2.4
Hexes          | |  0.5

Action                   |  1- 3 |  4- 6 || total
-------------------------+-------+-------++-------
 Cast: Magic Dart        |    64 |    13 ||    77
       Iskenderun's Myst |       |     2 ||     2
  Eat: Chunk             |       |     1 ||     1
Armor: Robe              |     1 |       ||     1
Dodge: Dodged            |     6 |     1 ||     7
